 Dungeon Crawl Stone Soup version 0.20.1-1-g8b1a95d (console) character file.

87 hilaritas the Chopper (level 4, -9/39 HPs)
             Began as a Hill Orc Fighter on Aug 5, 2017.
             Was an Initiate of Okawaru.
             Mangled by a crocodile (12 damage)
             ... in a sewer.
             The game lasted 00:05:21 (1906 turns).

hilaritas the Chopper (Hill Orc Fighter)            Turns: 1906, Time: 00:05:21

Health: -9/39      AC:  9    Str: 22 (24) XL:     4   Next: 51%
Magic:  4/4        EV:  7    Int:  6 (8)  God:    Okawaru [......]
Gold:   80         SH:  9    Dex:  9 (10) Spells: 3/3 levels left

rFire    + . .     SeeInvis .   a - +0 war axe
rCold    + . .     Gourm    .   c - +0 shield
rNeg     . . .     Faith    .   b - +0 scale mail
rPois    +         Spirit   .   p - +1 helmet
rElec    +         Reflect  .   (no cloak)
rCorr    +         Harm     .   (no gloves)
MR       .....                  (no boots)
Stlth    ..........             (no amulet)
Regen    0.2/turn               (no ring)
MPRegen  0.1/turn               (no ring)

@: mighty, resistant, very slightly contaminated, invisible
A: no striking features
a: Renounce Religion


You were in a sewer.
You worshipped Okawaru.
Okawaru was noncommittal.
You were not hungry.

You visited 1 branch of the dungeon, and saw 3 of its levels.
You also visited: Sewer.

You collected 80 gold pieces.

Inventory:

Hand Weapons
 a - a +0 war axe (weapon)
 j - a +0 club
 o - a +0 hand axe
Armour
 b - a +0 scale mail (worn)
 c - a +0 shield (worn)
 p - a +1 helmet (worn)
Jewellery
 e - a +4 ring of strength {unknown}
 m - an uncursed amulet of guardian spirit {unknown}
Scrolls
 g - a scroll of fear {unknown}
 h - 2 scrolls of amnesia {unknown}
 l - a scroll of enchant weapon {unknown}
 s - a scroll of identify {unknown}
Potions
 q - a potion of resistance
 r - a potion of haste
 t - a potion of agility {unknown}
 u - a potion of invisibility
Comestibles
 f - 2 bread rations
 i - 3 royal jellies
 n - 2 chunks of flesh


   Skills:
 - Level 3.6 Fighting
 * Level 6.0 Axes
 - Level 3.2 Armour
 - Level 3.2 Shields
 * Level 0.6 Invocations


You had 3 spell levels left.
You didn't know any spells.

Dungeon Overview and Level Annotations

Branches:
Dungeon (3/15)

Altars:
Okawaru


Message History

You block the crocodile's attack.
It was a potion of resistance.
You feel protected. The crocodile barely misses you.
You feel very mighty all of a sudden. The crocodile closely misses you.
Your shield and scale mail prevent you from hitting the crocodile.
The crocodile is lightly wounded.
You block the crocodile's attack.
You barely miss the crocodile.
The crocodile is lightly wounded.
The crocodile bites you.
* * * LOW HITPOINT WARNING * * *
The crocodile bites you.
* * * LOW HITPOINT WARNING * * *
It was a potion of degeneration.
There was something very wrong with that liquid.
You feel weakened.
You feel dopey.
You feel clumsy. The crocodile bites you!
You die...

######## #
###....≈.### #
###....≈..≈.@### #
###.≈.≈≈####.≈.t≈#
###.....###
###.≈≈.≈#
.≈≈≈...##
##.≈≈...#
###.....# ..≈≈.###
# ###.≈.≈.#
...##.? # ###.≈.≈≈
..### ?$# # ##.≈.
## ## ###


You could see a crocodile.

Vanquished Creatures
  An adder (D:2)
  A river rat (D:3)
  5 worms (D:2)
  A dart slug (D:3)
  An orc (D:3)
  3 ball pythons
  4 bats (D:2)
  2 giant cockroaches
  3 goblins (D:1)
  6 hobgoblins
  2 jackals (Sewer)
  3 frilled lizards (D:2)
  16 kobolds
  4 rats
52 creatures vanquished.

Notes
Turn   | Place    | Note
-------+----------+-------------------------------------------
     0 | D:1      | hilaritas the Hill Orc Fighter began the quest for the Orb.
     0 | D:1      | Reached XP level 1. HP: 19/19 MP: 1/1
   167 | D:1      | Reached skill level 3 in Axes
   405 | D:1      | Reached XP level 2. HP: 24/26 MP: 2/2
   525 | D:1      | Reached skill level 4 in Axes
  1046 | D:2      | Reached XP level 3. HP: 30/31 MP: 3/3
  1129 | D:2      | Found an iron altar of Okawaru.
  1138 | D:2      | Became a worshipper of Warmaster Okawaru
  1299 | D:2      | Reached skill level 5 in Axes
  1640 | D:2      | Reached XP level 4. HP: 37/39 MP: 4/4
  1748 | D:3      | Found a glowing drain.
  1772 | Sewer    | Entered a sewer
  1837 | Sewer    | Reached skill level 6 in Axes
  1893 | Sewer    | Noticed a crocodile
  1906 | Sewer    | Mangled by a crocodile

Skill      XL: |  1  2  3  4 |
---------------+-------------+-----
Axes           | 3 4 5 6 |  6.0
Fighting       | |  3.6
Armour         | |  3.2
Shields        | |  3.2
Invocations    | |  0.6

Action                   |  1- 3 |  4- 6 || total
-------------------------+-------+-------++-------
Melee: War axe           |   110 |    37 ||   147
  Use: Potion            |       |     4 ||     4
  Eat: Chunk             |     2 |     1 ||     3
Armor: Scale mail        |    41 |    24 ||    65
Dodge: Dodged            |    25 |    24 ||    49
Block: Shield            |    57 |    19 ||    76
